 Dungeon Crawl Stone Soup version 0.23.1 (webtiles) character file.

Game seed: 14532092938705245561

109 Borgoz the Sneak (level 4, 0/35 HPs)
             Began as a Ghoul Enchanter on Mar 14, 2019.
             Slain by an adder (4 damage)
             ... on level 3 of the Dungeon.
             The game lasted 00:04:43 (3259 turns).

Borgoz the Sneak (Ghoul Enchanter)                  Turns: 3259, Time: 00:04:44

Health: 0/35       AC:  5    Str: 11    XL:     4   Next: 90%
Magic:  6/6        EV: 10    Int: 10    God:
Gold:   88         SH:  0    Dex: 10    Spells: 1/7 levels left

rFire    . . .     SeeInvis .   m - +0 short sword
rCold    + . .     Gourm    .   (no shield)
rNeg     + + +     Faith    .   n - +0 ring mail
rPois    ∞         Spirit   .   (no helmet)
rElec    .         Reflect  .   (no cloak)
rCorr    .         Harm     .   (no gloves)
MR       .....                  (no boots)
Stlth    ++........             (no amulet)
HPRegen  0.00/turn              (no ring)
MPRegen  0.10/turn              (no ring)

@: rotting
A: rotting body, claws 1, carnivore, cold resistance 1, negative energy
resistance 3, inhibited regeneration, torment resistance, unbreathing
a: no special abilities


You were on level 3 of the Dungeon.
You were not hungry.

You visited 1 branch of the dungeon, and saw 3 of its levels.

You collected 88 gold pieces.

Inventory:

Hand Weapons
 m - a +0 short sword (weapon)
Missiles
 j - 4 javelins (quivered)
Armour
 n - a +0 ring mail (worn)
Jewellery
 b - an uncursed ring of flight
 e - an uncursed ring of fire
Wands
 o - a wand of digging (2)
Scrolls
 g - a scroll of remove curse {unknown}
 h - a scroll of fear {unknown}
 i - 5 scrolls of identify {unknown}
 k - a scroll of fog {unknown}
 l - a scroll of blinking {unknown}
Comestibles
 d - 6 rations


   Skills:
 + Level 1.2 Fighting
 * Level 2.0 Short Blades
 * Level 1.4 Armour
 + Level 2.1 Dodging
 + Level 3.7 Stealth
 + Level 2.0 Spellcasting
 * Level 2.9 Hexes


You had one spell level left.
You knew the following spells:

 Your Spells              Type           Power        Failure   Level  Hunger
a - Corona                Hex            #......      22%         1    ##.....
b - Ensorcelled Hibernat  Hex/Ice        #.....       52%         2    ###....
c - Confuse               Hex            #.......     54%         3    ####...

Your spell library contained the following spells:

 Spells                   Type           Power        Failure   Level  Hunger
 Tukima's Dance           Hex            #.......     54%         3    ####...
 Dazzling Spray           Conj/Hex       #.....       77%         3    ####...


Dungeon Overview and Level Annotations

Branches:
Dungeon (3/15)

Altars:
Ru


Innate Abilities, Weirdness & Mutations

Your body is rotting away.
You thrive on raw meat.
You are immune to poison.
You have sharp fingernails.
You are carnivorous and can eat meat at any time.
Your flesh is cold resistant. (rC+)
You are immune to negative energy. (rN+++)
You do not regenerate when monsters are visible.
You are immune to unholy pain and torment.
You can survive without breathing.


Message History

a +0 club; a +0 short sword; a +0 ring mail; a cursed +0 club You hit the adder but do no damage.
The adder is heavily wounded.
The adder barely misses you.
You aren't carrying any potions.
Throwing (i - inventory)
j - 5 javelins (quivered)
Press: ? - help, Shift-Dir - straight line, f/p - adder
Aim: an adder (heavily wounded)
You throw a javelin. The javelin barely misses the adder.
The javelin hits the orc!
You kill the orc!
The adder barely misses you. x2
You closely miss the adder.
The adder is heavily wounded.
The adder bites you.
* * * LOW HITPOINT WARNING * * *
You closely miss the adder.
The adder is heavily wounded.
The adder bites you.
You die...

..'.....†...+
##.........#
##.......##
##..)..##
##...##
##'#######
#..÷...)#
######.#####S#
#.......o..#@#
#.###...##.#.#
#.....#.#.#
##........#
##.###.........
#)# ##########
#.# #.# #.#


You could see an adder.

Vanquished Creatures
  3 adders
  2 oozes (D:1)
  3 worms
  4 orcs (D:3)
  A ball python (D:2)
  3 bats
  4 giant cockroaches
  6 hobgoblins
  7 jackals
  8 kobolds
  4 frilled lizards
  8 goblins
  4 rats
57 creatures vanquished.

Notes
Turn   | Place    | Note
-------+----------+-------------------------------------------
     0 | D:1      | Borgoz the Ghoul Enchanter began the quest for the Orb.
     0 | D:1      | Reached XP level 1. HP: 14/14 MP: 2/2
   210 | D:1      | Reached skill level 1 in Short Blades
   264 | D:1      | Reached XP level 2. HP: 20/20 MP: 3/3
   604 | D:1      | Reached XP level 3. HP: 19/27 MP: 4/4
  1096 | D:2      | Reached skill level 1 in Armour
  2221 | D:2      | Learned a level 2 spell: Ensorcelled Hibernation
  2225 | D:2      | Learned a level 3 spell: Confuse
  2387 | D:2      | Reached skill level 1 in Fighting
  2387 | D:2      | Reached XP level 4. HP: 13/31 MP: 6/6
  2808 | D:3      | Found a sacrificial altar of Ru.
  3259 | D:3      | Slain by an adder

Skill      XL: |  1  2  3  4 |
---------------+-------------+-----
Short Blades   | 1 2 |  2.0
Spellcasting   | 2 |  2.0
Armour         | 1 |  1.4
Dodging        | 2 |  2.1
Fighting       | 1 |  1.2
Stealth        | |  3.7
Hexes          | |  2.9

Action                   |  1- 3 |  4- 6 || total
-------------------------+-------+-------++-------
Melee: Dagger            |   136 |       ||   136
       Short sword       |    58 |   145 ||   203
Throw: Javelin           |     2 |     1 ||     3
 Cast: Corona            |     3 |       ||     3
  Use: Potion            |     2 |     1 ||     3
       Scroll            |       |     2 ||     2
 Stab: Sleeping          |     3 |     2 ||     5
  Eat: Chunk             |     6 |     9 ||    15
Armor: Robe              |    34 |       ||    34
       Ring mail         |    16 |    57 ||    73
Dodge: Dodged            |   136 |    86 ||   222
